 Dungeon Crawl Stone Soup version 0.30-a0-949-g53dc5368d7 (webtiles) character file.

Game seed: 1494854690207058966

119 mopl the Magician (level 4, -1/24 HPs)
             Began as a Deep Elf Earth Elementalist on Mar 27, 2023.
             Slain by a gnoll
             ... wielding a +0 spear
             ... led by a gnoll bouda
              (6 damage)
             ... on level 4 of the Dungeon.
             The game lasted 00:02:31 (1686 turns).

mopl the Magician (Deep Elf Earth Elementalist)     Turns: 1686, Time: 00:02:32

Health: -1/24      AC:  2    Str:  5    XL:     4   Next: 73%
Magic:  2/12       EV: 12    Int: 22    God:
Gold:   90         SH:  0    Dex: 15    Spells: 4/11 levels left

rFire   . . .      SeeInvis .    d - +0 dagger
rCold   . . .      Faith    .    (no shield)
rNeg    . . .      Spirit   .    a - +0 robe
rPois   .          Reflect  .    (no helmet)
rElec   .          Rampage  .    (no cloak)
rCorr   .                        (no gloves)
Will    .....                    (no boots)
Stlth   +++                      (no amulet)
HPRegen 0.24/turn                (no ring)
MPRegen 0.13/turn                (no ring)

@: no status effects
A: no striking features
a: no special abilities


You were on level 4 of the Dungeon.
You visited 1 branch of the dungeon, and saw 4 of its levels.

You collected 90 gold pieces.

Inventory:

Hand Weapons
 d - a +0 dagger (weapon)
Armour
 a - a +0 robe (worn)
Wands
 r - a wand of light (10)
Scrolls
 c - 2 scrolls of fog {unknown}
 f - 3 scrolls of identify {unknown}
 h - a scroll of torment {unknown}
 i - 2 scrolls of noise {unknown}
 k - a scroll of enchant weapon {unknown}
 l - a scroll of silence {unknown}
 m - a scroll of enchant armour {unknown}
 p - a scroll of blinking {unknown}
 q - 2 scrolls of poison {unknown}
 s - 2 scrolls of amnesia {unknown}
Potions
 b - a potion of magic
 e - a potion of lignification {unknown}
 g - 4 potions of cancellation {unknown}
 j - 2 potions of degeneration {unknown}
 n - 3 potions of curing {unknown}
 o - a potion of might {unknown}
 t - a potion of ambrosia {unknown}


   Skills:
 - Level 2.4 Dodging
 + Level 3.7 Stealth
 + Level 4.3 Spellcasting
 + Level 2.5 Transmutations
 + Level 4.1 Earth Magic


You had 4 spell levels left.
You knew the following spells:

 Your Spells              Type           Power      Damage    Failure   Level
a - Sandblast             Erth           46%        2d11      1%          1
p - Passwall              Tmut/Erth      15%        N/A       4%          2
t - Petrify               Tmut/Erth      19%        N/A       26%         4

Your spell library contained the following spells:

 Spells                   Type           Power      Damage    Failure   Level
 Stone Arrow              Conj/Erth      26%        3d8       14%         3
 Static Discharge         Conj/Air       8%         2-3/arc   16%         2
 Vhi's Electric Charge    Tloc/Air       8%         N/A       32%         3
 Arcjolt                  Conj/Air       2%         1d12      96%         5
 Plasma Beam              Fire/Air       2%         2x1d13    96%         5


Dungeon Overview and Level Annotations

Branches:
Dungeon (4/15)
 Temple: D:4-7

Altars:
Nemelex Xobeh


Message History

Nothing appears to happen.
The blast of sand hits the kobold!
You kill the kobold!
You can't see any susceptible monsters within range! (Use Z to cast anyway.)
The blast of sand hits the iguana.
The iguana is moderately wounded.
You miscast Sandblast.
Nothing appears to happen.
The blast of sand hits the iguana but does no damage.
The iguana is moderately wounded.
The iguana completely misses you.
The blast of sand hits the iguana!
The iguana is severely wounded.
The iguana barely misses you.
A gnoll bouda comes into view. It is wielding a staff of cold.
The iguana barely misses you.
The blast of sand hits the iguana.
You kill the iguana!
The gnoll bouda shouts!
You hear a shout!
The blast of sand hits the gnoll bouda!
The gnoll bouda is moderately wounded.
A gnoll comes into view. It is wielding a +0 spear. x2
The blast of sand hits the gnoll bouda.
The gnoll bouda is heavily wounded.
The gnoll shouts!
The blast of sand hits the gnoll bouda.
The gnoll bouda is severely wounded.
A gnoll comes into view. It is wielding a +0 flail.
The gnoll bouda hits you with a staff of cold!
The gnoll bouda barks out a call to the hunt!
The gnoll picks up the pace!
You hear a shout!
Your magical contamination has completely faded away.
The gnoll bouda hits you with a staff of cold.
A gnoll comes into view. It is wielding a +0 club.
The gnoll hits you from afar with a +0 spear.
* * * LOW HITPOINT WARNING * * *
The gnoll bouda prays to its god.
The gnoll bouda is healed somewhat.
The gnoll hits you from afar with a +0 spear.
You die...

#...##.###.###
+.#....g......
#.##)###.###.#
#).+ ###+##g.#
#.......#
#...gg..#
#...##..#
#..@#####
#.......#
###+##..######
#...)...#
#.<.....#
#<......#
#..###### ##+#


You could see 3 gnolls.

Vanquished Creatures
  An iguana (D:4)
  An orc wizard (D:3)
  4 dart slugs
  2 orcs (D:3)
  4 ball pythons
  4 bats
  4 endoplasms
  A giant cockroach (D:3)
  4 hobgoblins
  13 kobolds
  3 quokkas (D:1)
  2 frilled lizards
  6 goblins
  5 rats
54 creatures vanquished.

Notes
Turn   | Place    | Note
-------+----------+-------------------------------------------
     0 | D:1      | mopl the Deep Elf Earth Elementalist began the quest for
                  | the Orb.
     0 | D:1      | Reached XP level 1. HP: 10/10 MP: 6/6
   113 | D:1      | Reached XP level 2. HP: 15/15 MP: 4/8
   116 | D:1      | Learned a level 2 spell: Passwall
   246 | D:1      | Reached skill level 3 in Stealth
   322 | D:1      | Reached XP level 3. HP: 19/19 MP: 8/10
   508 | D:2      | Reached skill level 2 in Transmutations
   895 | D:3      | Found a sparkling altar of Nemelex Xobeh.
   932 | D:3      | Reached skill level 4 in Spellcasting
   932 | D:3      | Reached skill level 4 in Earth Magic
   932 | D:3      | Reached XP level 4. HP: 10/24 MP: 2/12
   962 | D:3      | Learned a level 4 spell: Petrify
  1686 | D:4      | Slain by a gnoll

Illustrated notes

Levels and vault maps discovered:
D:1:      amcnicky_arrival_gap_in_the_tavern_cellar, layout_rooms
D:2:      layout_basic, kennysheep_generic_room_4
D:3:      layout_loops_corners, lemuel_doored_altar
D:4:      minmay_wonky_spiral, layout_gridville, marbit_many_paths,
          nicolae_tso_besieged_by_evil, roderic_lattice_a,
          nicolae_concentric_dashed_squares_mild

Skill      XL: |  1  2  3 |
---------------+----------+-----
Stealth        | 3 |  3.7
Transmutations | 2 |  2.5
Spellcasting   | 4 |  4.3
Earth Magic    | 4 |  4.1
Dodging        | |  2.4

Action                     |  1- 3 |  4- 6 || total
---------------------------+-------+-------++-------
  Melee: Dagger            |     1 |       ||     1
   Cast: Sandblast         |    61 |    14 ||    75
 Armour: Robe              |     1 |       ||     1
  Dodge: Dodged            |     9 |     3 ||    12

Table legend: (Time is in decaauts)
 A = Elapsed time spent in this place.
 B = Non-inter-level travel time spent in this place.
 C = Inter-level travel time spent in this place.
 D = Time resting spent in this place.
 E = Time spent auto-exploring this place.
 F = Levels seen in this place.
 G = Mean time per level.
                   A        B        C        D        E       F      G
               +--------+--------+--------+--------+--------+-----+--------+
         Total |   1722 |   1659 |     63 |     73 |   1318 |   4 |  430.5 |
       Dungeon |   1722 |   1659 |     63 |     73 |   1318 |   4 |  430.5 |
               +--------+--------+--------+--------+--------+-----+--------+

Top non-repeatable levels by time:
     D:3: 850 daAuts
     D:1: 425 daAuts
     D:2: 405 daAuts
     D:4: 40 daAuts
